[Event "*** Titled Tuesday Blitz"]
[Site "Chess.com"]
[Date "2019.02.05"]
[Round "5"]
[White "chenrip"]
[Black "riconaipe"]
[Result "1-0"]
[WhiteElo "2326"]
[BlackElo "2433"]
[TimeControl "180+2"]
[EndTime "14:07:48 PST"]
[Termination "chenrip won on time"]

1. e4 c6 2. d4 d5 3. e5 c5 4. c3 Nc6 5. Bb5 g6 6. Ne2 Bg7 7. O-O f6 8. f4 Nh6 9. exf6 exf6 10. dxc5 O-O 11. Be3 Bg4 12. h3 Qe7 13. Bf2 Be6 14.
Nd2 a6 15. Bxc6 bxc6 16. Nd4 Bd7 17. b4 Nf5 18. Re1 Qf7 19. N2f3 Rfc8 20. g4 Ne7 21. Kg2 h5 22. gxh5 gxh5 23. Nh4 Kh7 24. Kh2 Bh6 25. Qf3 Rg8 26. f5 Rg7 27. Rg1 Rag8 28. Rxg7+ Rxg7 29. Re1 Bg5 30. Ng6 Nxg6 31. Qxh5+ Kg8 32. fxg6 Bf4+ 33. Kh1 Rxg6 34. Qf3 Qh7 35. Rg1 Bg5 36. Nf5 Kh8 37. Bd4 Kg8 38. Rg3 Kf8 39. Nd6 Rh6 40. Kg2 Qc2+ 41. Qf2 Qg6 42. Qe2 Rh4 43. Qxa6 Qh5 44.
Qa8+ Ke7 45. Qg8 Rxh3 46. Qg7+ Kd8 47. Bxf6+ Bxf6 48. Qxf6+ Kc7 49. Nb5+ Kb7 50. Nd6+ Ka7 51. Qe7 Qe2+ 52. Qxe2 1-0

[Event "*** Titled Tuesday Blitz"]
[Site "Chess.com"]
[Date "2019.02.05"]
[Round "5"]
[White "Zq1"]
[Black "StanislavNovikov"]
[Result "0-1"]
[WhiteElo "2518"]
[BlackElo "2675"]
[TimeControl "180+2"]
[EndTime "14:07:49 PST"]
[Termination "StanislavNovikov won by resignation"]

1. d4 g6 2. c4 Bg7 3. e4 d6 4. Nc3 Nf6 5. Nf3 O-O 6. Be2 Na6 7. O-O e5 8. Re1 c6 9. Rb1 exd4 10. Nxd4 Nc5 11. f3 a5 12. Be3 Re8 13. Qd2 a4 14.
Bf1 Qa5 15. Nc2 Bf8 16. Bd4 Nfd7 17. Rbd1 Ne6 18. Bf2 Ne5 19. h3 Nc5 20. Ne3 a3 21.
b3 Bg7 22. Rb1 Nxf3+ 23. gxf3 Bxc3 24. Qxd6 Be5 25. Qd1 Qc7 26. Ng4 Bxg4 27. hxg4 Rad8 28. Qc1 Bd4 29. Bxd4 Qg3+ 30. Bg2 Rxd4 31. Qc2 Nd3 32. Red1 Red8 33. Kf1 Nf4 34. Rxd4 Rxd4 35. b4 Rd3 36. Re1 Nxg2 37. Qxd3 Nxe1 38. Qd8+ Kg7 39. Qd3 f6 40. Qd7+ Kh6 41. Qd2+ g5 42. Qxe1 Qxf3+ 43. Kg1 Qxg4+ 44.
Kf1 Qf3+ 45. Kg1 g4 46. e5 fxe5 47. Qxe5 g3 48. Qe6+ Kg5 49. Qe5+ Kg4 50. Qe6+ Kf4 51. Qd6+ Ke4 52. Qe7+ Kd3 53. Qxh7+ Kc3 54. Qg7+ Kc2 55. Qg6+ Kb2 56. Qg7+ Kxa2 0-1

[Event "*** Titled Tuesday Blitz"]
[Site "Chess.com"]
[Date "2019.02.05"]
[Round "5"]
[White "aa175"]
[Black "Andrew-FB00"]
[Result "0-1"]
[WhiteElo "1920"]
[BlackElo "1882"]
[TimeControl "180+2"]
[EndTime "14:07:50 PST"]
[Termination "Andrew-FB00 won by checkmate"]

1. a3 e5 2. c4 Nc6 3. e3 d5 4.
cxd5 Qxd5 5. Nc3 Qd6 6. Nf3 Nf6 7. Bc4 Bg4 8. Qb3 O-O-O 9. Nb5 Qd7 10. Nxe5 Nxe5 11.
Nxa7+ Kb8 12. Ba6 c6 13. f3 Kxa7 14. fxg4 Kxa6 15. d4 Nexg4 16. Bd2 Ka7 17. Ba5 Re8 18. Bb6+ Kb8 19. Qa4 Rxe3+ 20. Kd2 Ne4+ 21. Kc1 Qd5 22. Qa7+ Kc8 23. Qa8+ Kd7 24. Qxb7+ Ke6 25. Qc8+ Qd7 26. d5+ cxd5 27. Qxd7+ Kxd7 28. Bxe3 Nxe3 29. b4 Nxg2 30. Ra2 Nf4 31. Rd1 Kc6 32. Rc2+ Kb5 33. Kb2 Bd6 34. Kb3 Ra8 35. a4+ Kb6 36. Rdc1 Nd3 37. Rc6+ Kb7 38.
R1c2 Bxb4 39. Rc7+ Kb6 40. R2c6+ Ka5 41. Rxf7 Nec5+ 42. Kc2 Kxa4 43. Rxg7 Kb5 44. Rxc5+ Kxc5 45. Kxd3 Ra3+ 46.
Kc2 Ra2+ 47. Kb3 Rxh2 48. Rc7+ Kd4 49. Kxb4 h5 50. Kb5 h4 51. Kc6 Rc2+ 52. Kd6 Rxc7 53. Kxc7 h3 54. Kd7 h2 55. Kd6 h1=Q 56. Kc7 Qh6 57. Kd8 Kc5 58. Kc8 Kc6 59. Kd8 Qh7 60.
Kc8 Qh8# 0-1

[Event "*** Titled Tuesday Blitz"]
[Site "Chess.com"]
[Date "2019.02.05"]
[Round "5"]
[White "JosefineHeinemann"]
[Black "Maikrosoft63"]
[Result "0-1"]
[WhiteElo "2396"]
[BlackElo "2563"]
[TimeControl "180+2"]
[EndTime "14:08:00 PST"]
[Termination "Maikrosoft63 won by checkmate"]

1. e4 c5 2. Nf3 Nc6 3. d4 cxd4 4. Nxd4 Nf6 5. Nc3 d6 6. f3 e6 7. Be3 d5 8. exd5 Nxd5 9. Nxd5 Qxd5 10. Qd2 Be7 11.
Nxc6 Qxc6 12. O-O-O O-O 13. Bd3 Bf6 14. Kb1 Rd8 15.
h4 e5 16. Qb4 Be6 17. Be4 Qa6 18. a3 Qe2 19. Rde1 Qxg2 20. h5 a5 21. Qb5 Rac8 22.
Reg1 Bc4 23. Qxa5 Qe2 24. Re1 Qg2 25. Bb6 Re8 26. h6 g6 27. Be3 Bd8 28. Qb4 Be7 29.
Qb6 Be6 30. Qb5 Bc4 31. Qxe5 Bf8 32. Qa5 Ba6 33. Qd2 Qxd2 34. Bxd2 Rcd8 35. Bc3 b6 36. Bc6 Rxe1+ 37. Rxe1 Bxh6 38. Re8+ Rxe8 39. Bxe8 Be3 40. b4 h5 41. Bd7 f5 42. Bf6 Kf7 43. Bd8 Bf2 44.
b5 Bb7 45. c4 h4 46. c5 bxc5 47. Bxh4 Bxh4 48. a4 Bd8 49. Kc2 Bxf3 50. Kc3 Ke7 51. Bc8 Kd6 52. Kd3 Bd5 53. Ke3 c4 54. Kd4 Bb6+ 55.
Kc3 Kc5 56. Kd2 Kd4 57. Kc2 c3 58. Bd7 Be4+ 59. Kc1 c2 60. a5 Bxa5 61. b6 Bxb6 62. Be8 Kc3 63. Bxg6 Be3# 0-1

[Event "*** Titled Tuesday Blitz"]
[Site "Chess.com"]
[Date "2019.02.05"]
[Round "5"]
[White "BogdanDeac"]
[Black "IMRosen"]
[Result "1/2-1/2"]
[WhiteElo "2732"]
[BlackElo "2522"]
[TimeControl "180+2"]
[EndTime "14:08:02 PST"]
[Termination "Game drawn by repetition"]

1. e4 e5 2. Nf3 Nf6 3. Nxe5 Nc6 4.
Nxc6 dxc6 5. d3 Bc5 6. Be2 h5 7. h3 Qd4 8. Be3 Qxb2 9. Nd2 Bxe3 10. fxe3 Qe5 11. Kf2 c5 12. Nf3 Qe7 13. e5 Nd5 14. Qd2 Bd7 15. a4 a5 16. e4 Nb4 17. c3 Nc6 18. d4 cxd4 19. cxd4 f6 20. exf6 gxf6 21. Qc3 Qb4 22. Qe3 Qe7 23. Rhc1 f5 24. d5 Ne5 25. Rxc7 fxe4 26. Nxe5 Qxe5 27. Rac1 O-O+ 28. Kg1 Rf7 29. Rxb7 Raf8 30. d6 Be6 31. Rb5 Qf6 32. Rxh5 Rg7 33. Rf1 Qd8 34. Rxf8+ Qxf8 35. Rh8+ Kxh8 36. Qh6+ Kg8 37.
Qxe6+ Qf7 38. Qc8+ Kh7 39. d7 Qxd7 40. Qc4 Qa7+ 41.
Kh1 Qe7 42. Qd5 Rg5 43. Qd4 Re5 44. g4 Qc5 45. Qd7+ Re7 46. Qd8 Qc1+ 47. Kg2 Qc5 48. h4 Qe5 49. h5 Qg5 50. Qd6 Rf7 51. Qe6 Re7 52. Qd6 Rg7 53. Qe6 Re7 54. Qd6 1/2-1/2

[Event "*** Titled Tuesday Blitz"]
[Site "Chess.com"]
[Date "2019.02.05"]
[Round "5"]
[White "Arystanner"]
[Black "Pilopa"]
[Result "0-1"]
[WhiteElo "2734"]
[BlackElo "2485"]
[TimeControl "180+2"]
[EndTime "14:08:02 PST"]
[Termination "Pilopa won by checkmate"]

1. e4 Nc6 2. Nf3 d6 3. h3 Nf6 4. Nc3 g6 5. d4 Bg7 6. Be3 O-O 7. Qd2 e5 8. d5 Ne7 9. Bh6 c6 10. dxc6 bxc6 11. O-O-O d5 12. Bxg7 Kxg7 13. Nxe5 Rb8 14. Qd4 Qa5 15. a3 c5 16. Qd2 d4 17. Nb1 Qc7 18.
f4 Nxe4 19. Qe1 Nf6 20. g4 Ned5 21. Qg3 Ne3 22. Re1 Qb7 23. Bd3 Qxb2+ 24. Kd2 c4 25. g5 Nh5 26. Qf2 cxd3 27. Kxd3 Bf5+ 28. Ke2 Qxc2+ 29. Nd2 Rb2 30. Rd1 Nd5 31. Qxd4 Nhxf4+ 32. Kf2 Kg8 33. Ng4 Bxg4 34. hxg4 Qc3 35. Qxc3 Nxc3 36.
Kf3 Nxd1 37. Ne4 Nd5 38. Rxd1 Rb3+ 39. Kf2 Nf4 40. Rh1 Rh3 41. Rb1 Rd8 42. Rb7 Nd5 43. Rxa7 Re3 44. Nc5 Re7 45. Ra5 Re5 46. Nd3 Rxg5 47. Kf3 h5 48. gxh5 Rxh5 49. Ra7 Rh3+ 50.
Ke2 Re8+ 51. Kf2 Rxd3 52. a4 Rc8 53. Rb7 Rc2+ 54. Ke1 Rh3 55. Kd1 Ne3+ 56. Ke1 Rh1# 0-1

[Event "*** Titled Tuesday Blitz"]
[Site "Chess.com"]
[Date "2019.02.05"]
[Round "5"]
[White "MatthewG-p4p"]
[Black "Bigfish1995"]
[Result "0-1"]
[WhiteElo "2672"]
[BlackElo "2959"]
[TimeControl "180+2"]
[EndTime "14:08:06 PST"]
[Termination "Bigfish1995 won by resignation"]

1. c4 e5 2. Nc3 Nc6 3. g3 h5 4. h3 h4 5. g4 d6 6. d3 f5 7. gxf5 Bxf5 8. Be3 Nf6 9. Bg2 Qd7 10.
Qd2 Be7 11. O-O-O O-O-O 12. Nf3 a6 13. Ng5 Rdf8 14. Nd5 Nxd5 15. cxd5 Nd4 16. Bxd4 exd4 17. Nf3 Qa4 18. b3 Qa3+ 19. Qb2 Qc5+ 20. Kb1 Bf6 21. Nd2 Qc3 22. Ne4 Qxb2+ 23. Kxb2 Be7 24. Rdf1 Bd7 25. Nd2 Rh5 26. Be4 c6 27. Bf3 Rxf3 28. Nxf3 Rxd5 29. Rfg1 Bf6 30. Nd2 Bf5 31. Nc4 Kc7 32. Kc2 b5 33. Nd2 Re5 34. Kd1 d5 35. b4 Kb6 36. a3 Re7 37. Nf3 a5 38. Kd2 Re6 39. Rb1 Re7 40. Rhc1 Bxh3 41. bxa5+ Kxa5 42. Rxc6 Bg2 43. Nh2 Be5 44. Ng4 Bf4+ 45. Kd1 h3 46. a4 b4 47. Rc8 Ra7 48. Rc5+ Kb6 49. Rc8 Rxa4 50. Rh8 Kc5 51. Rb2 Ra1+ 52. Kc2 Rc1+ 53. Kb3 Rc3+ 54.
Ka2 Ra3+ 55. Kb1 b3 56. Rc8+ Kd6 57. Rh8 Ke6 58. e3 dxe3 59. Nxe3 Bxe3 60. fxe3 g5 61. Rg8 h2 0-1

[Event "*** Titled Tuesday Blitz"]
[Site "Chess.com"]
[Date "2019.02.05"]
[Round "5"]
[White "NateSolon"]
[Black "iLuusions"]
[Result "1-0"]
[WhiteElo "2542"]
[BlackElo "2621"]
[TimeControl "180+2"]
[EndTime "14:08:06 PST"]
[Termination "NateSolon won by resignation"]

1. d4 Nf6 2. Bg5 Ne4 3. Bf4 c5 4. f3 Qa5+ 5. c3 Nf6 6. Nd2 cxd4 7. Nb3 Qf5 8. Bxb8 Rxb8 9. Qxd4 b6 10. e4 Qf4 11. Nh3 Qc7 12. e5 Ng8 13. Ng5 e6 14. O-O-O f6 15. exf6 Nxf6 16. Bd3 Bc5 17. Nxc5 bxc5 18. Qh4 Qa5 19. a3 Ba6 20. Bg6+ Ke7 21.
Bb1 Rb6 22. Nxh7 c4 23. Qg5 Qxg5+ 24. Nxg5 Nd5 25. Rhe1 Nf4 26. g3 Nd3+ 27. Bxd3 cxd3 28. h4 Rhb8 29. b4 Rc6 30. Kb2 d5 31. Re3 Rbc8 32. Rde1 Rxc3 33. Rxe6+ Kf8 34. Re8+ Rxe8 35. Rxe8+ Kxe8 36.
Kxc3 Ke7 37. Nh3 d4+ 38. Kd2 Kd6 39. Nf2 Bb7 40. f4 Kd5 41. Nxd3 Kc4 42. Nc5 Bf3 43. Nd3 Kb3 44. Ne5 Be4 45. b5 Ka4 46. Nc6 a6 47.
Nxd4 axb5 48. Ke3 Bd5 49. Kd2 Bc4 50. Nc2 Kb3 51. f5 Kb2 52. g4 Bb3 53. Nd4 Kxa3 54. Nxb5+ Kb4 55. Nd4 Bf7 56. Ne6 g6 57. Nd8 1-0

[Event "*** Titled Tuesday Blitz"]
[Site "Chess.com"]
[Date "2019.02.05"]
[Round "5"]
[White "CM_Perligero"]
[Black "vgyogi"]
[Result "1/2-1/2"]
[WhiteElo "2212"]
[BlackElo "2169"]
[TimeControl "180+2"]
[EndTime "14:08:10 PST"]
[Termination "Game drawn by repetition"]

1. Nf3 d5 2. g3 e6 3. Bg2 Nf6 4. O-O c5 5. d4 Nc6 6. c3 Be7 7. h3 O-O 8. Bg5 Ne4 9. Bxe7 Qxe7 10. Nbd2 f5 11. dxc5 Qxc5 12. Nb3 Qe7 13. Nfd4 Bd7 14. Kh2 a6 15. f3 Nd6 16. Nc5 Bc8 17. Nxc6 bxc6 18.
b4 Nb7 19. Na4 Nd6 20. Nb6 Rb8 21. Nxc8 Rbxc8 22. Qd3 Nc4 23. e4 Qa7 24. exf5 Rxf5 25. Rae1 Rf6 26. Re2 e5 27. Rfe1 Rcf8 28. a4 Qc7 29. b5 axb5 30. axb5 Kh8 31. Rb1 Na3 32. Rbe1 Nxb5 33. Rxe5 R6f7 34. Re8 Nd6 35. R8e6 Qd7 36. h4 Qc7 37. f4 Qd7 38. Bh3 Qc7 39. R1e2 Ne4 40.
Bg2 Nc5 41. Qe3 Nxe6 42. Qxe6 Qd7 43. Qe3 Qd6 44. Bh3 c5 45. Rd2 Rd8 46. Bg2 d4 47.
cxd4 cxd4 48. Qb3 Re7 49. Qd3 Re3 50. Qb5 Qg6 51. Qg5 Qxg5 52. hxg5 Kg8 53. Bf1 Kf7 54. Bd3 g6 55. Kg2 Rc8 56. Kf2 Rc3 57.
Be2 Re4 58. Bf3 Ree3 59. Be2 Re4 60. Bf3 Ree3 61. Be2 Re4 62. Bf3 Ree3 63. Be2 Re4 64. Bf3 Ree3 65. Be2 1/2-1/2

[Event "*** Titled Tuesday Blitz"]
[Site "Chess.com"]
[Date "2019.02.05"]
[Round "5"]
[White "gmjlh"]
[Black "robbykevlishvili"]
[Result "1-0"]
[WhiteElo "2713"]
[BlackElo "2747"]
[TimeControl "180+2"]
[EndTime "14:08:11 PST"]
[Termination "gmjlh won by resignation"]

1. d4 d5 2. c4 c6 3. Nf3 Nf6 4. e3 Bg4 5. Nc3 e6 6. Qb3 Qb6 7. Nh4 Bh5 8. h3 Na6 9. g4 Bg6 10. Nxg6 hxg6 11. Bg2 dxc4 12. Qxc4 Nb4 13. O-O Be7 14. Rd1 O-O 15. e4 Rad8 16. a3 Na6 17. b4 Qc7 18. Be3 Qb8 19. Rac1 Nc7 20.
Bf4 Qc8 21. a4 a6 22. b5 axb5 23. axb5 Nxb5 24. Nxb5 cxb5 25. Qxb5 Qd7 26. Rb1 Qxb5 27. Rxb5 Rd7 28. e5 Nd5 29. Bxd5 exd5 30. Rdb1 f5 31. e6 Rdd8 32. Rxb7 Rde8 33. g5 Bd8 34. Be5 Re7 35. Bd6 Rxb7 36. Rxb7 Re8 37. Rb8 Kh7 38.
Be5 Rg8 39. h4 Be7 40. Rb5 Rd8 41. Kg2 Kg8 42. Rb7 Re8 43. Rd7 Bf8 44. Bd6 Rxe6 45. Be5 Re8 46. Rxd5 Kf7 47. Rd7+ Ke6 48. Ra7 Kd5 49.
Bxg7 Bd6 50. Ra5+ Ke4 51. Ra6 Bc7 52. Rxg6 f4 53. Be5 Ba5 54. Rf6 Bd2 55. f3+ Kd3 56.
Bxf4 Bc3 57. Be5 Ra8 58. Kg3 Be1+ 59. Kg4 Ra2 60. h5 Rg2+ 61. Kf5 Bh4 62. f4 Rh2 63. h6 Bf2 64. d5 Kc4 65. d6 Bb6 66. d7 1-0

[Event "*** Titled Tuesday Blitz"]
[Site "Chess.com"]
[Date "2019.02.05"]
[Round "5"]
[White "Bayernbk"]
[Black "Gubajdullin"]
[Result "1-0"]
[WhiteElo "2449"]
[BlackElo "2470"]
[TimeControl "180+2"]
[EndTime "14:08:13 PST"]
[Termination "Bayernbk won by checkmate"]

1. e4 e5 2. Nc3 Nf6 3. Bc4 Be7 4. Nge2 O-O 5. O-O c6 6. d4 d5 7. exd5 cxd5 8. dxe5 dxc4 9. exf6 Bxf6 10. Qxd8 Rxd8 11. Be3 Nc6 12. a3 Bf5 13. Rac1 a6 14. Ng3 Bg6 15. f4 h6 16. f5 Bh7 17. Nge4 Be5 18. g4 b5 19.
Rcd1 Nd4 20. Rf2 Rd7 21. Kg2 Rad8 22. Rfd2 Kf8 23. Nc5 Rd6 24. N5e4 Nxf5 25. gxf5 Rxd2+ 26. Rxd2 Rxd2+ 27. Bxd2 Bxf5 28. h4 Bxe4+ 29. Nxe4 Bxb2 30. Bb4+ Ke8 31. Nd6+ Kd7 32. Nxf7 Ke6 33. Nd8+ Kd5 34. Kf3 a5 35. Bf8 b4 36. axb4 a4 37. b5 a3 38.
Bxa3 Bxa3 39. b6 Bd6 40. h5 Kc5 41. Nb7+ Kc6 42. Nxd6 Kxd6 43. Ke4 Kc6 44. Kd4 Kxb6 45. Kxc4 Kc6 46. c3 Kd6 47. Kb5 Kc7 48. Kc5 Kb7 49. Kd6 Kb6 50. c4 Kb7 51. c5 Kc8 52.
Kc6 Kd8 53. Kb7 Ke7 54. c6 Kf6 55. c7 Kg5 56. c8=Q Kxh5 57. Qf5+ g5 58. Kc6 Kh4 59. Kd5 g4 60. Ke4 Kg3 61. Qf4+ Kh4 62. Qxh6+ Kg3 63.
Qg5 Kh3 64. Kf4 Kh2 65. Qxg4 Kh1 66. Kf3 Kh2 67. Qg2# 1-0

[Event "*** Titled Tuesday Blitz"]
[Site "Chess.com"]
[Date "2019.02.05"]
[Round "5"]
[White "Sashadav97"]
[Black "Didici"]
[Result "1-0"]
[WhiteElo "2640"]
[BlackElo "2562"]
[TimeControl "180+2"]
[EndTime "14:08:16 PST"]
[Termination "Sashadav97 won by checkmate"]

1. d4 f5 2. c4 Nf6 3. Nc3 d6 4. Bg5 Nbd7 5. Qc2 g6 6. h4 Bg7 7.
e3 c6 8. Bd3 e5 9. f3 h6 10.
Bxf6 Qxf6 11. Nge2 O-O 12. O-O-O a6 13. g4 b5 14. h5 Nb6 15. hxg6 bxc4 16. Bxf5 d5 17. Bxc8 Raxc8 18. f4 exf4 19. Nxf4 Rce8 20. Rh3 Qg5 21. Qg2 Bf6 22. Rh5 Rxe3 23. Rxg5 Bxg5 24. Kb1 Rxf4 25.
Rf1 Rg3 26. Qh1 Rgxg4 27. Rxf4 Rxf4 28. a3 Rxd4 29. Qh3 Kg7 30. Qe6 Rf4 31. Qxc6 Rf6 32. Qe8 h5 33. Ne2 Rf1+ 34. Ka2 Rf2 35. Nd4 Bf6 36.
Qf7+ Kh6 37. g7 Bxd4 38. Qxf2 Bxf2 39. g8=Q Bc5 40. a4 a5 41. Qe8 Kg5 42. Qb5 Bd4 43. Qxa5 Kf4 44. Qb5 c3 45. bxc3 Be3 46. a5 Nc4 47.
Qxd5 Ne5 48. a6 h4 49. c4 h3 50. c5 h2 51. a7 Nf3 52. Qxf3+ Kxf3 53. a8=Q+ Kg3 54.
Qg8+ Kf2 55. Qh7 Kg2 56. Qe4+ Kf2 57. c6 Bb6 58. Qh1 Kg3 59. Kb3 Bc7 60. Kc4 Kg4 61. Kd5 Kf5 62. Qf3+ Kg5 63. Ke6 Bf4 64. Kd7 Be5 65. Qh1 Kg4 66. c7 Bxc7 67. Kxc7 Kg3 68. Kd6 Kh3 69. Ke5 Kg3 70. Ke4 Kh3 71. Kf4 Kh4 72. Qxh2# 1-0

[Event "*** Titled Tuesday Blitz"]
[Site "Chess.com"]
[Date "2019.02.05"]
[Round "5"]
[White "mishanick"]
[Black "IakovUlivar"]
[Result "1/2-1/2"]
[WhiteElo "3013"]
[BlackElo "2525"]
[TimeControl "180+2"]
[EndTime "14:08:18 PST"]
[Termination "Game drawn - insufficient material"]

1. d4 Nf6 2. c4 e6 3. Nf3 d5 4.
Nc3 Be7 5. Qc2 O-O 6. Bg5 h6 7.
Bxf6 Bxf6 8. O-O-O g6 9. g4 c6 10. h4 Bg7 11. e3 Nd7 12. cxd5 exd5 13. Bd3 Re8 14. h5 g5 15. Bh7+ Kf8 16. Bf5 Nb6 17. Ne2 Nc4 18. Ng3 Nd6 19. Kb1 Nxf5 20. Nxf5 Re4 21.
Rdg1 Bxf5 22. gxf5 Bf6 23. Nh2 Rh4 24. Ng4 Rxh1 25. Rxh1 Kg7 26. f4 gxf4 27. Qg2 Kh7 28.
Qf3 Qe7 29. Qxf4 Bg5 30. Qf3 Re8 31. Rh3 Qe4+ 32. Qxe4 Rxe4 33. Rg3 f6 34. Kc2 Kg7 35. Kd3 Kf7 36. Nf2 Re8 37. Nd1 b6 38. Nc3 b5 39. a3 a5 40. Rh3 a4 41. Rg3 Re7 42. Na2 Ke8 43. Nb4 Kd7 44. Na6 Kd6 45. Nc5 Re8 46. Ne6 Re7 47. e4 dxe4+ 48. Kxe4 Re8 49. Rg2 Re7 50. Rg1 Re8 51. Rg3 Rb8 52. Rc3 b4 53.
Rc4 bxa3 54. bxa3 Rb3 55. Nxg5 hxg5 56. Rxa4 Rh3 57. Ra7 Rh4+ 58. Kd3 Rxh5 59. Rf7 Rh3+ 60. Kc4 Rxa3 61. Rxf6+ Kd7 62. Rg6 Rg3 63. Rg7+ Kd6 64. Rg6+ Kd7 65. Kc5 Rc3+ 66. Kb4 Rd3 67. Rg7+ Kd6 68.
Kc4 Rg3 69. Rg8 g4 70. Rg6+ Kd7 71. Rg8 Rf3 72. Rg7+ Kd6 73. Rg6+ Kd7 74. f6 g3 75. Kc5 Rc3+ 76. Kb6 Rb3+ 77. Kc5 Rc3+ 78. Kb4 Rf3 79. Kc4 g2 80. Kc5 Rf5+ 81. Kb6 Rxf6 82. Rxg2 Kd6 83. Rg8 Kd5 84. Rd8+ Kc4 85. Kb7 Rf4 86. Kxc6 Rxd4 87.
Rxd4+ Kxd4 1/2-1/2

[Event "*** Titled Tuesday Blitz"]
[Site "Chess.com"]
[Date "2019.02.05"]
[Round "5"]
[White "ruvat"]
[Black "ENEASZ"]
[Result "1/2-1/2"]
[WhiteElo "2286"]
[BlackElo "2379"]
[TimeControl "180+2"]
[EndTime "14:08:19 PST"]
[Termination "Game drawn by agreement"]

1. d4 d6 2. Nf3 Nf6 3. c4 g6 4.
g3 Bg7 5. Bg2 O-O 6. O-O Nc6 7.
d5 Na5 8. Qa4 c5 9. Bd2 b6 10.
Bc3 Bd7 11. Qc2 a6 12. Nbd2 b5 13. b3 Rb8 14. e4 e5 15. dxe6 Bxe6 16. e5 dxe5 17.
Nxe5 Rc8 18. Rad1 Qb6 19. Rfe1 Nb7 20. cxb5 axb5 21. a4 Nd6 22. axb5 Nxb5 23. Ndc4 Qb8 24. Nc6 Qb7 25. N4a5 Qb6 26. Ne7+ Kh8 27. Nxc8 Rxc8 28.
Nc4 Bxc4 29. bxc4 Nd4 30. Qb2 Qxb2 31. Bxb2 Ng4 32. h3 Ne5 33. Bxd4 cxd4 34. Rxd4 Nf3+ 35. Bxf3 Bxd4 36. Bd5 f5 37. Re7 Bf6 38. Rf7 Bd4 39. Kg2 Re8 40. Kf3 Re1 41. g4 fxg4+ 42. hxg4 Bc5 43. g5 Rg1 44. Kf4 Bd6+ 45. Ke4 Rxg5 46. Rd7 Bc5 47. f4 Rg1 48. Rc7 Bb6 49. Rc8+ Kg7 50.
Be6 Rc1 51. Kd5 h5 52. f5 gxf5 53. Bxf5 h4 54. Rb8 Bg1 55. Rb7+ Kf6 56. Bh3 Kg5 57. Rg7+ Kh5 58. Bg4+ Kh6 59. Rg8 Kh7 60. Re8 Bf2 1/2-1/2

[Event "*** Titled Tuesday Blitz"]
[Site "Chess.com"]
[Date "2019.02.05"]
[Round "5"]
[White "jsdbv18"]
[Black "Angry_Twin"]
[Result "1-0"]
[WhiteElo "2491"]
[BlackElo "2761"]
[TimeControl "180+2"]
[EndTime "14:08:25 PST"]
[Termination "jsdbv18 won by resignation"]

1. e4 c5 2. Nf3 d6 3. d4 cxd4 4. Nxd4 Nf6 5. Nc3 a6 6. Bg5 e6 7. f4 h6 8. Bh4 Qb6 9. Nb3 Nc6 10. Qf3 Be7 11. Bf2 Qc7 12. O-O-O b5 13. g4 Bb7 14.
h4 h5 15. gxh5 Nb4 16. Rd4 d5 17. e5 Ne4 18. Be1 Nxc3 19. bxc3 Nc6 20. Rd1 O-O-O 21. Rg1 d4 22. Qe2 dxc3 23. Rxg7 Nb4 24. Kb1 Rxd1+ 25. Qxd1 Be4 26. Rg2 Rd8 27. Qg4 Qd7 28. Bxc3 Qd1+ 29.
Qxd1 Rxd1+ 30. Kb2 Rxf1 31. Rg7 Nd5 32. h6 Rf2 33.
Nd4 b4 34. Be1 Rxf4 35. Bg3 Rf1 36. h7 Bxh7 37. Rxh7 Nc3 38. Kb3 Ne4 39. Bh2 Bc5 40.
Kc4 Rd1 41. Nb3 Be7 42. Rxf7 Bxh4 43. Kxb4 Be1+ 44. Kc4 a5 45. a4 Bb4 46. Kb5 Kd8 47.
Nxa5 Ke8 48. Rh7 Be1 49. Nc6 Rd5+ 50. Kb6 Bf2+ 51. Kc7 Nc5 52. Re7+ Kf8 53. Bf4 Na6+ 54. Kc8 Rc5 55. Bh6+ Kg8 56. Kd7 Rd5+ 57. Ke8 Bc5 58. Rg7+ Kh8 59. Ne7 Bxe7 60. Kxe7 Rxe5 61. Rf7 Re2 62.
Bg7+ Kg8 63. Bf6 Rg2 64. Rf8+ Kh7 65. Rh8+ 1-0

[Event "*** Titled Tuesday Blitz"]
[Site "Chess.com"]
[Date "2019.02.05"]
[Round "5"]
[White "AbdAlAgathos"]
[Black "varacalli"]
[Result "1/2-1/2"]
[WhiteElo "2321"]
[BlackElo "2427"]
[TimeControl "180+2"]
[EndTime "14:08:26 PST"]
[Termination "Game drawn - insufficient material"]

1. e4 e5 2. Nf3 Nc6 3. Bb5 a6 4. Ba4 Nf6 5. O-O Be7 6. d3 b5 7.
Bb3 d6 8. a3 O-O 9. Nc3 h6 10.
Nd5 Be6 11. Nxf6+ Bxf6 12. Bxe6 fxe6 13. h3 Ne7 14. Nh2 Ng6 15. Qg4 Qe8 16. g3 Kh7 17. Be3 Qe7 18. h4 Nh8 19. Kg2 Rf7 20. f3 Raf8 21.
Rf2 g6 22. Raf1 Bg7 23. h5 gxh5 24. Qxh5 Qf6 25. Ng4 Qg6 26. Qh3 h5 27. Rh1 Kg8 28. Qxh5 c5 29. Qxg6 Nxg6 30. Rh5 b4 31. a4 b3 32. c3 Rb7 33. Rf1 Kf7 34. Rfh1 Rh8 35. Rxh8 Nxh8 36. f4 exf4 37. gxf4 Ng6 38. Kf3 Rb8 39.
Rh5 Bxc3 40. Bc1 Bg7 41. f5 exf5 42. Rxf5+ Kg8 43. Rd5 Be5 44. Nh6+ Kf8 45. Nf5 Rd8 46. Bg5 Rd7 47. Bh6+ Kf7 48. Bc1 Nf8 49. d4 cxd4 50.
Nxd4 Bxd4 51. Rxd4 Rc7 52. Bf4 Rc2 53. Rxd6 Rxb2 54.
Rxa6 Ne6 55. Be5 Ra2 56. Ra7+ Kg6 57. Ra6 Kf7 58. Ra7+ Ke8 59. Rb7 Nc5 60. Rb8+ Kd7 61.
Bd4 Nxa4 62. Rxb3 Rc2 63. Rb4 Nc5 64. Bxc5 Rxc5 65. Rd4+ Ke6 66. Kf4 Ra5 67. Rb4 Ra6 68. Rb5 Ke7 69. Rh5 Rc6 70. Rh7+ Ke8 71. Kf5 Ra6 72. e5 Rb6 73. Rh8+ Ke7 74. Rh7+ Ke8 75. e6 Rb1 76. Rh8+ Ke7 77. Rh7+ Ke8 78. Rh5 Rb5+ 79. Kg6 Rxh5 80. Kxh5 Ke7 81. Kg5 Kxe6 1/2-1/2

[Event "*** Titled Tuesday Blitz"]
[Site "Chess.com"]
[Date "2019.02.05"]
[Round "5"]
[White "dmosesov"]
[Black "Rodalquilar"]
[Result "1/2-1/2"]
[WhiteElo "2363"]
[BlackElo "2531"]
[TimeControl "180+2"]
[EndTime "14:08:27 PST"]
[Termination "Game drawn - insufficient material"]

1. Nf3 d5 2. c4 e6 3. g3 Nf6 4. Bg2 dxc4 5. O-O Nbd7 6. Na3 Bxa3 7. bxa3 O-O 8. Qc2 Nb6 9. Ne5 Qd4 10. Bb2 Qc5 11.
Rac1 Rd8 12. d4 Qb5 13. Ba1 c5 14. dxc5 Qxc5 15. Nxc4 Nxc4 16. Qxc4 Qxa3 17. Bxf6 gxf6 18. Qg4+ Kh8 19. Rc7 Rd7 20. Rfc1 Qf8 21. Qh4 Qd8 22. Be4 f5 23. Qxd8+ Rxd8 24. Bxb7 Bxb7 25. Rxb7 Rd2 26.
Rxf7 Rxe2 27. Rcc7 Rxa2 28. Rxh7+ Kg8 29. Rcg7+ Kf8 30.
h4 Rc8 31. h5 Rc1+ 32. Kg2 Rcc2 33. Rf7+ Ke8 34. Re7+ Kd8 35. Rd7+ Kc8 36. Rxa7 Rxf2+ 37. Kg1 Rg2+ 38. Kf1 Rxa7 39. Rxa7 Rh2 40. Rh7 e5 41. Kg1 Rd2 42. h6 Rd6 43. Rh8+ Kb7 44. h7 Rd7 45.
Re8 Rxh7 46. Rxe5 Rf7 47. Kg2 f4 48. gxf4 Rxf4 49. Rg5 Kc6 50. Rg6+ Kd5 51. Kg3 Re4 52. Rg5+ Re5 53. Rxe5+ Kxe5 1/2-1/2

[Event "*** Titled Tuesday Blitz"]
[Site "Chess.com"]
[Date "2019.02.05"]
[Round "5"]
[White "SuperCheese"]
[Black "Blitzstream"]
[Result "1/2-1/2"]
[WhiteElo "2576"]
[BlackElo "2556"]
[TimeControl "180+2"]
[EndTime "14:08:33 PST"]
[Termination "Game drawn by stalemate"]

1. d4 g6 2. e4 Bg7 3. Nc3 b6 4. f4 Bb7 5. Nf3 e6 6. Bd3 Ne7 7. O-O d6 8. Be3 Nd7 9. Qd2 a6 10. Rac1 h6 11. Ne2 f5 12. e5 d5 13. b4 b5 14. a4 bxa4 15. Ra1 Nb6 16. Nc3 Qd7 17. Qe2 Nc4 18. Nxa4 Nxe3 19. Qxe3 O-O 20. Nc5 Qc8 21. c3 Re8 22. h3 Kh7 23. Kh2 Ng8 24. g4 Bf8 25. gxf5 exf5 26. Rg1 Bxc5 27. dxc5 d4 28. Nxd4 Ne7 29. Qg3 Rg8 30. Bc4 Bd5 31. Bd3 Nc6 32. Ne2 Ne7 33. Qh4 Qd7 34. Rad1 Qe6 35. Nd4 Qf7 36.
Qf6 a5 37. Qxf7+ Bxf7 38. e6 Be8 39. b5 Nd5 40. Nxf5 Nxc3 41. Rc1 Na2 42. Ra1 Nb4 43. Be4 Rb8 44. Nd4 Bxb5 45. Rxa5 Bd3 46. Bg2 Rbd8 47.
Nf3 Bf5 48. Ra7 Rg7 49. Re1 Re8 50. Nd4 Nd3 51. Nxf5 gxf5 52. Rg1 Nxf4 53. Bf3 Rxg1 54. Kxg1 Nxe6 55. Bd5 Kg6 56. Bxe6 Rxe6 57. Rxc7 Re2 58. c6 Rc2 59. Kf1 Kg5 60. Rc8 Kf4 61. c7 Kf3 62. Ke1 f4 63. h4 h5 64. Kd1 Rc4 65. Ke1 Rc5 66. Kd1 Rc6 67. Ke1 Rc4 68.
Kd1 Kf2 69. Rf8 Rxc7 70. Rxf4+ Kg3 71. Re4 Rf7 72. Ke2 Rf4 73. Rxf4 Kxf4 74. Kf2 Kg4 75.
Kg2 Kxh4 76. Kh2 Kg4 77. Kh1 h4 78. Kg1 h3 79. Kh1 Kg3 80. Kg1 h2+ 81. Kh1 Kh3 1/2-1/2

[Event "*** Titled Tuesday Blitz"]
[Site "Chess.com"]
[Date "2019.02.05"]
[Round "5"]
[White "KhalilMousavi77"]
[Black "Samuray111"]
[Result "0-1"]
[WhiteElo "2735"]
[BlackElo "2592"]
[TimeControl "180+2"]
[EndTime "14:08:39 PST"]
[Termination "Samuray111 won by resignation"]

1. c4 e5 2. Nc3 Nf6 3. Nf3 d6 4. e4 c5 5. Be2 g6 6. d3 Bg7 7. O-O O-O 8. a3 h6 9. Rb1 Nc6 10. b4 b6 11. h3 Bd7 12. Ne1 Nd4 13. Nc2 Bc6 14. Ne3 Ne6 15. Ned5 Bxd5 16. cxd5 Nd4 17.
Be3 Nd7 18. Qd2 Kh7 19. f4 exf4 20. Rxf4 Rc8 21. b5 Qe7 22. Rbf1 Ne5 23. Kh1 f5 24. a4 fxe4 25. dxe4 Rxf4 26. Rxf4 Rf8 27. Nd1 Rxf4 28. Bxf4 Qh4 29. Bf1 Bf6 30. Nf2 Bg5 31.
Bxg5 hxg5 32. Qe3 Qf4 33. Qxf4 gxf4 34. Nd1 g5 35. g3 Kg6 36. Kg2 Nc2 37. Kf2 Nb4 38. Nb2 Kf6 39. h4 Ng4+ 40. Kf3 Ne5+ 41. Kf2 Na2 42. h5 Nc3 43. Bg2 Kg7 44. gxf4 gxf4 45.
Ke1 f3 46. Bh3 Nxe4 47. Nd1 Kh6 48. Ne3 Kxh5 49. Be6 Kg5 50. a5 Kf4 51. Nd1 Nd3+ 52. Kf1 bxa5 53. Bd7 Nd2+ 54. Kg1 Nc4 55. Bc6 0-1